 Dungeon Crawl Stone Soup version 0.30-a0-347-gf58ed5266c (webtiles) character file.

Game seed: 11090977180816142136

142733 timneilson the Peltast (level 17, -2/104 HPs)
             Began as a Gargoyle Fighter on Nov 2, 2022.
             Was a High Priest of Okawaru.
             Killed from afar by a smoke demon (5 damage)
             ... with a ball of steam
             ... on level 2 of the Abyss on Nov 5, 2022.
             The game lasted 01:16:46 (26928 turns).

timneilson the Peltast (Gargoyle Fighter)          Turns: 26928, Time: 01:16:46

Health: -2/104     AC: 46    Str: 29    XL:     17   Next: 36%
Magic:  24/24      EV: 13    Int: 17    God:    Okawaru [*****.]
Gold:   285        SH: 23    Dex: 11    Spells: 16/16 levels left

rFire   + + +      SeeInvis .    P - +7 double sword of the Establishment {vorpal, rPois rF+ rN+ Str+3}
rCold   + . .      Faith    .    q - +2 kite shield
rNeg    + + .      Spirit   .    a - +4 plate armour {rC+}
rPois   ∞          Reflect  +    E - +2 hat
rElec   +          Harm     .    J - +0 cloak
rCorr   .          Rampage  .    Z - +2 pair of gloves of Tocabeen {rF+ Regen+}
Will    +....                    f - +1 pair of boots of Dyspraxia {rC- Int+6 Dex+2 Slay+2}
Stlth   ..........               g - amulet of reflection
HPRegen 1.17/turn                l - ring of protection from fire
MPRegen 0.19/turn                r - ring of protection from cold

@: heroic, flying, glowing
A: sickness immunity, AC +12, big wings, negative energy resistance 1,
electricity resistance, torment resistance 1, petrification resistance
a: Renounce Religion, Heroism, Finesse, Duel


You were on level 2 of the Abyss.
You worshipped Okawaru.
Okawaru was extremely pleased with you.
You visited 4 branches of the dungeon, and saw 23 of its levels.
You visited the Abyss 1 time.
You visited 1 bazaar.
You also visited: Ossuary, Bailey and Gauntlet.

You collected 2352 gold pieces.
You spent 2067 gold pieces at shops.

Inventory:

Hand Weapons
 F - the +7 long sword of Departure {vorpal, +Blink rPois}
   (You found it in a bailey)

   It inflicts extra damage upon your enemies.
   rPois:     It protects you from poison.
   +Blink:    It lets you blink.
 O - a +2 scimitar of flaming
 P - the +7 double sword of the Establishment (weapon) {vorpal, rPois rF+ rN+ Str+3}
   (Okawaru gifted it to you on level 12 of the Dungeon)

   It inflicts extra damage upon your enemies.
   Str:       It affects your strength (+3).
   rF:        It protects you from fire.
   rPois:     It protects you from poison.
   rN:        It protects you from negative energy.
Armour
 a - a +4 plate armour of cold resistance (worn)
 c - the +1 pair of boots of Unambiguity {Will+ rCorr Str-3 Int+2}
   (You bought it in a shop in a bazaar)

   Str:       It affects your strength (-3).
   Int:       It affects your intelligence (+2).
   rCorr:     It protects you from acid and corrosion.
   Will:      It increases your willpower.
 f - the +1 pair of boots of Dyspraxia (worn) {rC- Int+6 Dex+2 Slay+2}
   (Okawaru gifted it to you on level 11 of the Dungeon)

   Int:       It affects your intelligence (+6).
   Dex:       It affects your dexterity (+2).
   Slay:      It affects your accuracy & damage with ranged weapons and melee
   (+2).
   rC:        It makes you vulnerable to cold.
 q - a +2 kite shield (worn)
 w - the +2 pair of boots "Qopn" {Dex+4}
   (You found it in a Gauntlet)

   Dex:       It affects your dexterity (+4).
 E - a +2 hat (worn)
 J - a +0 cloak (worn)
 Z - the +2 pair of gloves of Tocabeen (worn) {rF+ Regen+}
   (You found it in a Gauntlet)

   rF:        It protects you from fire.
   Regen:     It increases your rate of health regeneration.
Jewellery
 g - an amulet of reflection (around neck)
 l - a ring of protection from fire (left hand)
 r - a ring of protection from cold (right hand)
 s - a ring of protection from fire
 y - a ring of protection from cold
 M - a ring of positive energy
 Q - a +6 ring of strength
Wands
 b - a wand of roots (36)
 h - a wand of paralysis (12)
 G - a wand of digging (3)
 H - a wand of flame (26)
 V - a wand of quicksilver (8)
 X - a wand of mindburst (10)
Scrolls
 k - 7 scrolls of magic mapping
 n - 5 scrolls of enchant armour
 o - a scroll of enchant weapon
 x - 19 scrolls of teleportation
 z - a scroll of amnesia
 C - 5 scrolls of poison
 I - 4 scrolls of fog
 S - a scroll of brand weapon
 T - 2 scrolls of fear
Potions
 d - a potion of might
 e - 4 potions of haste
 i - 5 potions of curing
 j - 3 potions of resistance
 m - a potion of ambrosia
 p - 4 potions of lignification
 u - 4 potions of brilliance
 A - 5 potions of attraction
 B - a potion of berserk rage
 D - 5 potions of mutation
 N - 2 potions of magic
Miscellaneous
 v - a tin of tremorstones (2/2)
 K - a lightning rod (4/4)


   Skills:
 + Level 11.1(16.1) Fighting
 * Level 12.7(17.7) Long Blades
 * Level 15.1(20.1) Armour
 + Level 8.1(13.1) Dodging
 * Level 17.8(22.8) Shields
 + Level 10.2 Invocations
 + Level 8.5 Evocations


You had 16 spell levels left.
You didn't know any spells.
Your spell library contained the following spells:

 Spells                   Type           Power      Damage    Failure   Level
 Apportation              Tloc           0%         N/A       77%         1
 Necrotise                Necr           0%         1d4       77%         1
 Gell's Gravitas          Tloc           0%         N/A       98%         3
 Inner Flame              Hex/Fire       0%         N/A       98%         3
 Kindle Blastsparks       Fire/Tloc/Air  0%         2d10      98%         3
 Lesser Beckoning         Tloc           0%         N/A       98%         3
 Ozocubu's Armour         Ice            0%         N/A       98%         3
 Teleport Other           Tloc           0%         N/A       98%         3
 Vampiric Draining        Necr           0%         2d6       98%         3
 Flame Wave               Conj/Fire      0%         2d4       100%        4
 Fulminant Prism          Conj/Hex       0%         3d5       100%        4
 Iskenderun's Mystic Bla  Conj/Tloc      0%         2d3       100%        4
 Petrify                  Tmut/Erth      0%         N/A       100%        4
 Sticky Flame             Conj/Fire      0%         2d3       100%        4
 Agony                    Necr           0%         N/A       100%        5
 Alistair's Intoxication  Tmut/Pois      0%         N/A       100%        5
 Fireball                 Conj/Fire      0%         3d3       100%        5
 Irradiate                Conj/Tmut      0%         3d11      100%        5
 Iskenderun's Battlesphe  Conj           0%         2d6       100%        5
 Lee's Rapid Deconstruct  Erth           0%         3d4*      100%        5
 Metabolic Englaciation   Hex/Ice        0%         N/A       100%        5
 Conjure Ball Lightning   Conj/Air       0%         3x3d6     100%        6
 Orb of Destruction       Conj           0%         9d5       100%        7
 Ozocubu's Refrigeration  Ice            0%         4d7       100%        7
 Storm Form               Tmut/Air       0%         N/A       100%        7
 Borgnjor's Revivificati  Necr           0%         N/A       100%        8
 Maxwell's Capacitive Co  Air            0%         ∞         100%        8
 Necromutation            Tmut/Necr      0%         N/A       100%        8
 Sublimation of Blood     Necr           Unusable   N/A       N/A         2
 Animate Dead             Necr           Unusable   N/A       N/A         4
 Summon Lightning Spire   Summ/Air       Unusable   N/A       N/A         4
 Statue Form              Tmut/Erth      Unusable   N/A       N/A         6

Dungeon Overview and Level Annotations

Branches:
Dungeon (14/15)            Temple (1/1) D:5            Lair (5/5) D:10
  Swamp (0/4) Lair:3       Spider (0/4) Lair:3        Slime (0/5) Lair:5
    Orc (2/2) D:12            Elf (0/3) Orc:2        Vaults (0/5) D:14
Ossuary (visited)          Bailey (visited)         Gauntlet (visited)

Altars:
Ashenzari
Cheibriados
Dithmenos
Elyvilon
Fedhas
Gozag
Hepliaklqana
Kikubaaqudgha
Makhleb
Nemelex Xobeh
Okawaru
Qazlal
Ru
Sif Muna
Trog
Uskayaw
Vehumet
Wu Jian
Xom
Yredelemnul
Zin
The Shining One
Jiyva

Shops:
D:5 [   D:14 *   Orc:2 (=[!*

Annotations:
Lair:3 2 transporters, Miekkume's ghost, journeyman MiFi


Innate Abilities, Weirdness & Mutations

You are immune to sickness and miasma.
Your stone body is resilient. (AC +12)
You are immune to poison.
Your large and strong wings let you fly.
You resist negative energy. (rN+)
You are resistant to electric shocks. (rElec)
You are resistant to unholy torment.
You are immune to petrification.


Message History

The daeva is severely wounded.
The daeva hits you but does no damage. x2; The smoke demon misses you.
You block the smoke demon's attack. x2
The daeva blocks your attack.
The daeva is severely wounded.
The smoke demon closely misses you. You block the smoke demon's attack.
The smoke demon hits you but does no damage.
The daeva calls down the wrath of the Shining One upon you.
The Shining One smites you!
* * * LOW HITPOINT WARNING * * *
You are confused.
You feel invigorated. The smoke demon hits you.
* * * LOW HITPOINT WARNING * * *
The smoke demon hits you but does no damage. x2
The daeva barely misses you.
The daeva hits you with a +5 long sword of holy wrath!
* * * LOW HITPOINT WARNING * * *
The daeva blocks your attack.
The daeva is severely wounded.
The smoke demon hits you but does no damage. x3
You bump into the metal wall.
The smoke demon hits you but does no damage. x2
The smoke demon closely misses you.
The daeva hits you with a +5 long sword of holy wrath!
* * * LOW HITPOINT WARNING * * *
The daeva hits you with a +5 long sword of holy wrath.
* * * LOW HITPOINT WARNING * * *
You bump into the metal wall.
You feel less invigorated.
You feel less confused. The smoke demon gestures at you. Something smites you!
* * * LOW HITPOINT WARNING * * *
The daeva calls down the wrath of the Shining One upon you.
The Shining One smites you!
* * * LOW HITPOINT WARNING * * *
You slice the daeva!!
The daeva is almost dead.
The smoke demon gestures at you. The ball of steam hits you. You resist.
You die...

#. .# ..
...##.. . ...
.. .... #.
#>.. #...#.#
.....
##...#..
....#
...#..##...
###.....## #
#....A#..#...
#. ###.3@# .#
#.#.##..#
#§..# .#.#
.... ..##.
.#.# ##.. ..
#.# #. ...#
#. .... ... .
.# . ##.. .#


You could see a daeva and a smoke demon.

Vanquished Creatures
  Kirke (D:12)
  Roxanne (D:14)
  2 orc warlords (Orc:2)
  Nessos (D:14)
  A minotaur (Gauntlet)
  An ettin (Orc:1)
  A great orb of eyes (D:12)
  The ghost of SirDiesAlot the Blocker, a journeyman MfCj of Dithmenos (Orc:2)
  2 hydras (Lair:3)
  2 catoblepae
  9 centaur warriors
  12 boulder beetles
  5 two-headed ogres
  2 death knights (D:12)
  2 dancing weapons (D:14)
  12 death yaks
  A tengu warrior (D:14)
  2 orc high priests
  Urug (D:12)
  The ghost of kd29 the Grappler, a novice TrTm of Ru (D:7)
  A deep elf knight (D:12)
  4 skeletal warriors
  An orb spider (Lair:3)
  A lindwurm (Lair:2)
  A wizard (D:12)
  3 orc knights
  Pikel (D:9)
  5 deep elf pyromancers (D:12)
  A necromancer (Gauntlet)
  5 ugly things
  5 orc sorcerers
  6 manticores
  5 cyclopes
  A salamander (shapeshifter) (D:13)
  A guardian serpent (shapeshifter) (D:14)
  Maurice (D:12)
  11 elephants
  3 black mambas
  4 gargoyles
  Maggie (D:9)
  8 cane toads
  3 rime drakes
  2 unseen horrors
  A hellion (Abyss:2)
  4 kobold demonologists
  9 komodo dragons
  3 tengu conjurers
  An efreet (D:12)
  10 trolls
  3 meliai (Gauntlet)
  A hornet (shapeshifter) (D:13)
  10 hornets
  13 blink frogs
  3 dream sheep (Lair:5)
  4 polar bears (Lair:5)
  5 slime creatures
  3 wyverns
  7 wraiths
  A small abomination (Abyss:2)
  4 shadows
  A ynoxinul (Abyss:2)
  16 spriggans (Lair:5)
  19 yaks
  2 vampires
  3 basilisks
  3 hogs (D:12)
  2 humans (D:12)
  5 steam dragons
  11 vampire mosquitoes
  13 wargs
  13 water moccasins
  3 acid dragons
  Duvessa (D:4)
  An ice beast (D:7)
  3 black bears (Lair:5)
  41 orc warriors
  9 ogres
  The ghost of Darkkill the Shooter, an amateur MiHu (D:3)
  4 boggarts
  51 wolves
  18 centaurs
  2 lemures (D:9)
  2 phantoms
  3 kobold brigands
  12 bullfrogs
  3 gnoll sergeants
  A necrophage (D:8)
  2 scorpions
  Dowan (D:4)
  3 wights (D:8)
  11 killer bees
  8 vampire bats (Bailey)
  2 electric eels (D:10)
  2 howler monkeys
  3 wolf zombies (Bailey)
  8 crimson imps (D:7)
  4 jellies
  25 orc priests
  7 hounds
  2 iguanas (D:6)
  38 orc wizards
  7 hell rats (Lair:2)
  8 mummies (Ossuary)
  16 gnolls
  9 adders
  2 shadow imps (D:6)
  A white imp (D:7)
  An ufetubus (D:6)
  A worm (D:4)
  2 dart slugs
  104 orcs
  5 bats
  4 endoplasms
  3 giant cockroaches
  11 goblins
  6 hobgoblins
  2 jackals (D:3)
  3 quokkas
  8 ball pythons
  4 frilled lizards
  2 gnoll zombies (Ossuary)
  3 hobgoblin zombies (Ossuary)
  18 kobolds
  2 kobold zombies (Ossuary)
  19 orc zombies
  4 rats
820 creatures vanquished.

Vanquished Creatures (others)
  A deep elf pyromancer (D:12)
  An orc wizard (D:7)
  5 orcs
  A kobold (D:6)
  15 fungi
  27 plants
  2 withered plants (D:3)
52 creatures vanquished.

Grand Total: 872 creatures vanquished

Notes
Turn   | Place    | Note
-------+----------+-------------------------------------------
     0 | D:1      | timneilson the Gargoyle Fighter began the quest for the
                  | Orb.
     0 | D:1      | Reached XP level 1. HP: 14/14 MP: 1/1
   210 | D:1      | Reached XP level 2. HP: 17/19 MP: 2/2
   640 | D:1      | Found a faded altar of an unknown god.
  1117 | D:2      | Reached XP level 3. HP: 23/23 MP: 3/3
  1537 | D:2      | Found a hazy altar of Hepliaklqana.
  2098 | D:3      | Found a runed translucent door.
  2098 | D:3      | Noticed Darkkill's ghost (amateur MiHu)
  2512 | D:4      | Noticed a scorpion
  2532 | D:4      | Killed a scorpion
  2533 | D:4      | Reached skill level 4 in Shields
  2533 | D:4      | Reached XP level 4. HP: 29/29 MP: 4/4
  2551 | D:4      | Identified the +1 robe of the Telling Gods {Harm rCorr}
  2557 | D:4      | Reached skill level 1 in Dodging
  2557 | D:4      | Reached XP level 5. HP: 33/33 MP: 5/5
  2722 | D:4      | Noticed Duvessa
  2722 | D:4      | Noticed Dowan
  2734 | D:4      | Killed Duvessa
  2735 | D:4      | Reached XP level 6. HP: 12/38 MP: 6/6
  2743 | D:4      | Killed Dowan
  3233 | D:4      | Reached skill level 5 in Shields
  3392 | D:5      | Entered Level 5 of the Dungeon
  3392 | D:5      | Found a staircase to the Ecumenical Temple.
  3402 | Temple   | Entered the Ecumenical Temple
  3463 | Temple   | Became a worshipper of Warmaster Okawaru
  3494 | D:5      | Reached skill level 5 in Armour
  3502 | D:5      | Reached XP level 7. HP: 41/43 MP: 7/7
  3525 | D:5      | Found Puxkan's Armour Emporium.
  3687 | D:5      | Found a shimmering blue altar of Sif Muna.
  3964 | D:5      | Bought a +2 chain mail of cold resistance for 258 gold
                  | pieces
  4037 | D:6      | Reached skill level 1 in Invocations
  4152 | D:6      | Noticed a cyclops
  4287 | D:6      | Reached * piety under Okawaru
  4371 | D:6      | Reached XP level 8. HP: 46/48 MP: 9/9
  4521 | D:6      | Reached skill level 1 in Evocations
  4527 | D:6      | Reached skill level 6 in Shields
  4975 | D:7      | Reached skill level 5 in Fighting
  5030 | D:7      | Reached skill level 5 in Long Blades
  5043 | D:7      | Found a sand-covered staircase.
  5049 | Ossuary  | Entered an ossuary
  5323 | D:7      | Reached XP level 9. HP: 54/54 MP: 10/10
  5350 | D:7      | Reached ** piety under Okawaru
  5383 | D:7      | Reached skill level 7 in Shields
  5525 | D:7      | Found a hide-covered altar of Uskayaw.
  5549 | D:7      | Noticed a centaur warrior
  5551 | D:7      | Noticed kd29's ghost (novice TrTm)
  5579 | D:7      | Found a transporter.
  5582 | D:7      | Found a transporter.
  6393 | D:8      | Reached *** piety under Okawaru
  6529 | D:8      | Reached XP level 10. HP: 60/60 MP: 12/12
  6716 | D:8      | Found a shadowy altar of Dithmenos.
  6823 | D:8      | Reached skill level 8 in Shields
  6825 | D:8      | Found a broken altar of Ashenzari.
  6828 | D:8      | Found a hazy altar of Hepliaklqana.
  7149 | D:9      | Identified the +1 scale mail of Sushrocs {rPois Will+++
                  | Dex-4 SInv}
  7230 | D:9      | Found a flagged portal.
  7251 | Bailey   | Entered a bailey
  7454 | Bailey   | Noticed a gargoyle
  7476 | Bailey   | Killed a gargoyle
  7571 | Bailey   | HP: 2/60 [something (10)]
  7605 | Bailey   | Identified the +7 long sword of Departure {vorpal, +Blink
                  | rPois}
  7925 | Bailey   | Reached **** piety under Okawaru
  8224 | D:9      | Noticed Maggie
  8528 | D:9      | Found a bloodstained altar of Trog.
  8528 | D:9      | Found a stormy altar of Qazlal.
  8548 | D:9      | Killed Maggie
  8718 | D:9      | Noticed Pikel
  8732 | D:9      | Killed Pikel
  9112 | D:10     | Entered Level 10 of the Dungeon
  9229 | D:10     | Reached XP level 11. HP: 62/66 MP: 14/14
  9343 | D:10     | Reached skill level 9 in Shields
  9358 | D:10     | Reached skill level 5 in Invocations
  9358 | D:10     | Reached ***** piety under Okawaru
  9611 | D:10     | Found a staircase to the Lair.
 11268 | D:12     | Noticed a boulder beetle
 11287 | D:12     | Noticed a centaur warrior
 11288 | D:12     | Noticed a death knight
 11331 | D:12     | Killed a death knight
 11336 | D:12     | Killed a centaur warrior
 11337 | D:12     | Reached skill level 10 in Shields
 11372 | D:12     | Reached skill level 10 in Armour
 11372 | D:12     | Noticed a deep elf pyromancer
 11609 | D:12     | Killed a deep elf pyromancer
 11681 | D:12     | Noticed a deep elf pyromancer
 11687 | D:12     | Killed a deep elf pyromancer
 11688 | D:12     | Reached skill level 5 in Dodging
 11688 | D:12     | Reached XP level 12. HP: 72/72 MP: 13/16
 11796 | D:12     | Reached ****** piety under Okawaru
 11840 | D:12     | Identified the +7 double sword of the Establishment
                  | {vorpal, rPois rF+ rN+ Str+3} (Okawaru gifted it to you on
                  | level 12 of the Dungeon)
 11840 | D:12     | Received a gift from Okawaru
 12012 | D:12     | Noticed a boulder beetle
 12044 | D:12     | Killed a boulder beetle
 12045 | D:12     | Reached skill level 5 in Evocations
 12241 | D:12     | Noticed a two-headed ogre
 12241 | D:12     | Found the +6 arbalest "Damnation" {damnation}
 12276 | D:11     | Killed a two-headed ogre
 12500 | D:11     | Noticed a sun demon
 12506 | D:11     | HP: 3/73 [sun demon[a kobold demonologist] (5)]
 12510 | D:11     | Noticed a sun demon
 12688 | D:11     | Identified the +1 pair of boots of Dyspraxia {rC- Int+6
                  | Dex+2 Slay+2} (Okawaru gifted it to you on level 11 of the
                  | Dungeon)
 12688 | D:11     | Received a gift from Okawaru
 12853 | D:11     | Reached skill level 11 in Shields
 12870 | D:12     | Noticed a boulder beetle
 12876 | D:12     | Noticed a catoblepas
 12884 | D:12     | Killed a boulder beetle
 12909 | D:11     | Killed a catoblepas
 13035 | D:12     | Noticed a deep elf knight
 13220 | D:3      | Killed Darkkill's ghost
 13349 | D:7      | Killed kd29's ghost
 13350 | D:7      | Reached XP level 13. HP: 76/78 MP: 11/18
 13545 | Lair:1   | Entered Level 1 of the Lair of Beasts
 14700 | Lair:2   | Identified a scroll of acquirement
 14701 | Lair:2   | Acquired a manual of Shields
 15186 | Lair:2   | Reached skill level 12 in Shields
 15981 | Lair:3   | Identified the +0 chain mail of the Wumpus {rN+ Str-2 Int+4
                  | Stlth+} (Okawaru gifted it to you on level 3 of the Lair of
                  | Beasts)
 15981 | Lair:3   | Received a gift from Okawaru
 16340 | Lair:3   | Reached skill level 10 in Long Blades
 16390 | Lair:3   | Found a transporter.
 16391 | Lair:3   | Found a transporter.
 16395 | Lair:3   | Noticed Miekkume's ghost (journeyman MiFi)
 16578 | Lair:3   | Found a staircase to the Swamp.
 16753 | Lair:3   | Found a hole to the Spider Nest.
 17432 | Lair:4   | Reached skill level 13 in Shields
 17448 | Lair:4   | Gained mutation: Your large and strong wings let you fly.
                  | [Gargoyle growth]
 17448 | Lair:4   | Reached XP level 14. HP: 64/86 MP: 17/19
 18500 | Lair:5   | Entered Level 5 of the Lair of Beasts
 18528 | Lair:5   | Received a gift from Okawaru
 18995 | Lair:5   | Reached skill level 14 in Shields
 19163 | Lair:5   | Identified the +2 cloak "Liup" {Str-4 Dex+4 SInv} (Okawaru
                  | gifted it to you on level 5 of the Lair of Beasts)
 19163 | Lair:5   | Received a gift from Okawaru
 19931 | D:5      | Bought a +2 plate armour of cold resistance for 480 gold
                  | pieces
 20270 | Lair:5   | Found a staircase to the Slime Pits.
 20270 | Lair:5   | Found a viscous altar of Jiyva.
 20761 | Lair:5   | Identified the +2 shortbow of Ahifryboj {elec, Str+4}
 20950 | Lair:5   | Reached skill level 15 in Shields
 21136 | D:12     | Reached XP level 15. HP: 72/92 MP: 19/21
 21169 | D:12     | Paralysed by a great orb of eyes for 5 turns
 21295 | D:12     | Noticed Kirke
 21385 | D:12     | Killed Kirke
 21386 | D:12     | Reached skill level 10 in Fighting
 21429 | D:12     | Noticed Urug
 21443 | D:12     | Killed Urug
 21461 | D:12     | Identified the +0 scale mail "Ecaofi" {SInv} (Okawaru
                  | gifted it to you on level 12 of the Dungeon)
 21461 | D:12     | Received a gift from Okawaru
 21682 | D:12     | Identified the +1 chain mail "Hajucs" {-Tele rC+ Str+2}
 22149 | D:12     | Noticed Maurice
 22159 | D:12     | Killed Maurice
 22394 | D:12     | Found a staircase to the Orcish Mines.
 22711 | Orc:1    | Entered Level 1 of the Orcish Mines
 22988 | Orc:1    | Upgraded the game from 0.30-a0-341-g682706514a to
                  | 0.30-a0-347-gf58ed5266c
 22999 | Orc:2    | Entered Level 2 of the Orcish Mines
 23084 | Orc:2    | Found a runed translucent gate.
 23086 | Orc:2    | Found a runed translucent gate.
 23086 | Orc:2    | Found a runed translucent gate.
 23090 | Orc:2    | Found a gate leading to a gauntlet.
 23104 | Gauntlet | Entered a Gauntlet
 23104 | Gauntlet | Found a transporter.
 23104 | Gauntlet | Found a transporter.
 23137 | Gauntlet | Found a transporter.
 23138 | Gauntlet | Found a transporter.
 23145 | Gauntlet | Found a transporter.
 23150 | Gauntlet | Found a transporter.
 23158 | Gauntlet | Found a transporter.
 23178 | Gauntlet | Found a transporter.
 23196 | Gauntlet | Found a transporter.
 23200 | Gauntlet | Found a transporter.
 23212 | Gauntlet | Found a transporter.
 23213 | Gauntlet | Found a transporter.
 23377 | Gauntlet | Reached skill level 16 in Shields
 23475 | Gauntlet | Identified the +2 pair of gloves of Tocabeen {rF+ Regen+}
 23477 | Gauntlet | Identified the +2 pair of boots "Qopn" {Dex+4}
 23496 | Gauntlet | Reached XP level 16. HP: 56/98 MP: 21/23
 23619 | Gauntlet | Identified the +5 spear of the Teaching Gods {freeze,
                  | Stlth+}
 23660 | Gauntlet | Got the Anthology of Unholy Deeds
 23671 | Orc:2    | Found Pigrojaph's Assorted Antiques.
 23671 | Orc:2    | Found an opulent altar of Gozag.
 23673 | Orc:2    | Noticed SirDiesAlot's ghost (journeyman MfCj)
 23823 | Orc:2    | Found Wotewe's Jewellery Shoppe.
 23942 | Orc:2    | Found a staircase to the Elven Halls.
 24525 | Orc:2    | Found Teism's Antique Armour Shoppe.
 24529 | Orc:2    | Found Xycissa's Antique Weapon Emporium.
 24540 | Orc:2    | Bought a runed kite shield for 187 gold pieces
 24656 | Orc:2    | Found Qujeg's Distillery.
 24661 | Orc:2    | Bought a potion of curing for 48 gold pieces
 24661 | Orc:2    | Bought a potion of mutation for 128 gold pieces
 24661 | Orc:2    | Bought a potion of haste for 160 gold pieces
 24661 | Orc:2    | Bought a potion of heal wounds for 80 gold pieces
 24661 | Orc:2    | Bought a potion of curing for 48 gold pieces
 24857 | Orc:2    | Killed SirDiesAlot's ghost
 24912 | Orc:1    | Paralysed by an orc sorcerer for 4 turns
 25100 | Orc:1    | Reached skill level 17 in Shields
 25228 | Orc:1    | Found a bloodstained altar of Trog.
 25561 | D:13     | Found a flickering gateway to a bazaar.
 25570 | Bazaar   | Entered a bazaar
 25577 | Bazaar   | Found Qahuf's Antique Weapon Boutique.
 25585 | Bazaar   | Found Enimpoil's Antique Armour Boutique.
 25596 | Bazaar   | Found Pocot's Magic Scroll Emporium.
 25607 | Bazaar   | Found Reoppocw's General Store.
 25609 | Bazaar   | Found Bumnyen's Book Shop.
 25664 | Bazaar   | Bought a scroll of teleportation for 54 gold pieces
 25664 | Bazaar   | Bought a scroll of teleportation for 54 gold pieces
 25664 | Bazaar   | Bought a scroll of enchant armour for 135 gold pieces
 25664 | Bazaar   | Bought a scroll of magic mapping for 135 gold pieces
 25675 | Bazaar   | Bought a pair of distressingly furry boots for 218 gold
                  | pieces
 25675 | Bazaar   | Identified the +1 pair of boots of Unambiguity {Will+ rCorr
                  | Str-3 Int+2} (You bought it in a shop in a bazaar)
 25701 | Bazaar   | Bought a scroll of magic mapping for 82 gold pieces
 25805 | D:13     | Reached XP level 17. HP: 104/104 MP: 24/24
 25855 | D:13     | Reached skill level 10 in Invocations
 26271 | D:14     | Noticed Nessos
 26312 | D:14     | Killed Nessos
 26374 | D:14     | Found Ysoixeti's General Store.
 26542 | D:14     | Reached skill level 15 in Armour
 26566 | D:14     | Found a gate to the Vaults.
 26730 | D:14     | Noticed Roxanne
 26750 | D:14     | Killed Roxanne
 26750 | D:14     | Identified the +6 plate armour "Xeipsye" {Dex+2} (Okawaru
                  | gifted it to you on level 14 of the Dungeon)
 26750 | D:14     | Received a gift from Okawaru
 26787 | D:14     | You are sucked into a shaft and drop 1 floor!
 26787 | D:15     | Entered Level 15 of the Dungeon
 26787 | D:15     | Found a sparkling altar of Nemelex Xobeh.
 26821 | Abyss:2  | Cast into level 2 of the Abyss (a wizard)
 26826 | Abyss:2  | Found a shimmering altar of Xom.
 26927 | Abyss:2  | HP: 2/104 [daeva/divine providence (16)]
 26928 | Abyss:2  | Killed from afar by a smoke demon

Illustrated notes

Levels and vault maps discovered:
D:1:      lightli_arrival_windingriver, layout_basic,
          nicolae_ecumenical_lake_church
D:2:      layout_basic, basic_altar
D:3:      layout_rooms, gammafunk_ghost_grave
D:4:      layout_basic, uniq_duvessa
D:5:      layout_rooms, mainiacjoe_overflow_brackets, minmay_temple_entry_mist,
          serial_shops, shop
D:6:      wad_river_or_something, layout_rooms, lightli_corner_chamber
D:7:      layout_rooms, lemuel_doored_altar, gammafunk_ghost_arena,
          nicolae_ossuary_entry_plus, minmay_nine_imps
D:8:      layout_cave_pools, nicolae_overflow_squiral,
          mainiacjoe_overflow_concentric_impassable
D:9:      layout_long_grid, gammafunk_temple_overflow_elements, enter_bailey_5,
          uniq_maggie, uniq_pikel
D:10:     layout_gridville, erik_lair_orcish_takeover, chequers_big_river
D:11:     layout_stronghold
D:12:     minmay_the_grid_square_5x5_5x5_mashed
          [minmay_the_grid_square_5x5_mess,
          minmay_the_grid_square_5x5_pentomino_r,
          minmay_the_grid_square_5x5_hollow_slash,
          minmay_the_grid_square_5x5_shuriken, minmay_the_grid_square_5x5_n,
          minmay_the_grid_square_5x5_two_small,
          minmay_the_grid_square_5x5_prize_monsterx,
          minmay_the_grid_square_5x5_bracketed,
          minmay_the_grid_square_5x5_prize_itemx,
          minmay_the_grid_square_5x5_six_small,
          minmay_the_grid_square_5x5_beaten_path,
          minmay_the_grid_square_5x5_half_checkered,
          minmay_the_grid_square_5x5_prize_snowflake,
          minmay_the_grid_square_5x5_tie, minmay_the_grid_square_5x5_minivault,
          minmay_the_grid_square_5x5_shrine2,
          minmay_the_grid_square_5x5_prize_rear_guard,
          minmay_the_grid_square_5x5_tetrominoes,
          minmay_the_grid_square_5x5_prize_open,
          minmay_the_grid_square_5x5_hourglass,
          minmay_the_grid_square_5x5_three_walls,
          minmay_the_grid_square_5x5_forky, minmay_the_grid_square_5x5_seven,
          minmay_the_grid_square_5x5_eight, minmay_the_grid_square_5x5_three],
          layout_layer_cave, orc_0_dummy, uniq_maurice, uniq_urug, uniq_kirke
D:13:     layout_basic, serial_shops, bzr_entry_dummy, minmay_crystal_room,
          kennysheep_generic_room_12
D:14:     layout_roguey, erik_vaults_1, serial_shops, kennysheep_little_box,
          hangedman_decor_opposing, uniq_roxanne, uniq_nessos
D:15:     grunt_enter_depths_hoard, layout_stronghold,
          nemelex_spade_bored_becter, serial_bayou_lagoon_b
Temple:   eino_wide_crystal_templ
Lair:1:   layout_cave_pods
Lair:2:   layout_cave_pods, wad_woods_road_02
Lair:3:   layout_regular_city, swamp_mist, nicolae_spider_entry_orb_guardian,
          gammafunk_ghost_hive
Lair:4:   layout_cave_pods, beast_lair_carwin_5, serial_bayou_shore_b,
          grunt_megastairs_2, infiniplex_staircase_pool_2, lemuel_fruit_tree
Lair:5:   minmay_lair_end_enchanted_forest, layout_hall_layers, slime_entry_1
Orc:1:    layout_diamond_mine, basic_altar, mines5_lemuel
Orc:2:    grunt_orc_community_town_hall, layout_diamond_mine,
          grunt_orc_community_big_house_2, grunt_orc_community_big_house_2,
          grunt_orc_community_house_1, grunt_orc_community_house_1,
          grunt_orc_community_house_3, grunt_orc_community_house_1,
          grunt_orc_community_house_3, grunt_orc_community_house_1,
          ebering_ghost_gozag, gauntlet_entry_generic, mines_bat_river
Abyss:2:  base: D:13, spicy_abyss_helpful_harpoons

Skill      XL: |  1  2  3  4  5  6  7  8  9 10 11 12 13 14 15 16 17 |
---------------+----------------------------------------------------+-----
Long Blades    | 2 3 4 5 6 7 8 9 10 11 12 | 12.7
Armour         | 4 5 6 7 8 10 11 12 13 14 15 | 15.1
Shields        | 4 5 6 7 8 10 11 13 15 16 17 | 17.8
Dodging        | 1 2 3 4 5 6 7 8 |  8.1
Fighting       | 4 5 6 7 8 9 10 11 | 11.1
Invocations    | 1 2 3 4 6 7 8 9 10 | 10.2
Evocations     | 1 2 3 4 5 6 7 8 |  8.5

Action                   |  1- 3 |  4- 6 |  7- 9 | 10-12 | 13-15 | 16-18 || total
-------------------------+-------+-------+-------+-------+-------+-------++-------
Melee: Long sword        |   182 |    98 |   550 |   678 |       |       ||  1508
       Scimitar          |       |       |   327 |       |    13 |       ||   340
       Unarmed           |       |       |       |     6 |     7 |       ||    13
       Double sword      |       |       |       |   157 |  1157 |   759 ||  2073
Invok: Heroism           |       |       |     5 |    26 |    25 |    19 ||    75
       Finesse           |       |       |       |     2 |     2 |     6 ||    10
Evoke: Wand              |       |       |       |       |    16 |       ||    16
       Tin of tremorston |       |       |       |       |     2 |       ||     2
  Use: Scroll            |     7 |     4 |    10 |    10 |     7 |     4 ||    42
       Potion            |       |     1 |       |    12 |     3 |     2 ||    18
 Stab: Petrified         |       |       |       |     1 |       |       ||     1
Armor: Scale mail        |   108 |    70 |    30 |       |       |       ||   208
       Chain mail        |       |       |   615 |   483 |   381 |       ||  1479
       Skin              |       |       |       |     2 |       |       ||     2
       Plate armour      |       |       |       |       |   229 |   314 ||   543
Dodge: Dodged            |    93 |    38 |   392 |   334 |   416 |   177 ||  1450
Block: Buckler           |    42 |    29 |   651 |   575 |   821 |   165 ||  2283
       Reflection        |       |       |     7 |    26 |    17 |    59 ||   109
       Other             |       |       |       |       |     2 |       ||     2
       Kite shield       |       |       |       |       |       |   519 ||   519

Table legend: (Time is in decaauts)
 A = Elapsed time spent in this place.
 B = Non-inter-level travel time spent in this place.
 C = Inter-level travel time spent in this place.
 D = Time resting spent in this place.
 E = Time spent auto-exploring this place.
 F = Levels seen in this place.
 G = Mean time per level.
                   A        B        C        D        E       F      G
               +--------+--------+--------+--------+--------+-----+--------+
         Total |  26870 |  25305 |   1565 |   1960 |  14943 |  28 |  959.6 |
       Dungeon |  15793 |  14838 |    955 |   1437 |   8605 |  15 | 1052.9 |
        Temple |     76 |     44 |     32 |      0 |     30 |   1 |   76.0 |
          Lair |   7186 |   6679 |    507 |    299 |   4891 |   5 | 1437.2 |
  Orcish Mines |   2042 |   1971 |     71 |     49 |    739 |   2 | 1021.0 |
         Abyss |     99 |     99 |      0 |      0 |      0 |   1 |   99.0 |
        Bazaar |    137 |    137 |      0 |      0 |      3 |   1 |  137.0 |
       Ossuary |    275 |    275 |      0 |      0 |    147 |   1 |  275.0 |
        Bailey |    725 |    725 |      0 |     62 |    401 |   1 |  725.0 |
      Gauntlet |    534 |    534 |      0 |    113 |    127 |   1 |  534.0 |
               +--------+--------+--------+--------+--------+-----+--------+

Top non-repeatable levels by time:
    D:12: 2469 daAuts
    D:11: 2134 daAuts
  Lair:5: 1896 daAuts
  Lair:4: 1506 daAuts
  Lair:2: 1445 daAuts
   Orc:2: 1389 daAuts
    D:10: 1334 daAuts
     D:7: 1197 daAuts
     D:9: 1192 daAuts
  Lair:3: 1170 daAuts
  Lair:1: 1166 daAuts
     D:8: 1151 daAuts
     D:1: 1103 daAuts
     D:6: 1088 daAuts
     D:4: 1071 daAuts
